AoeStats
← TioMg100

African Clearing

510519476Analyzed
3v3 RM · 2d ago on Oct 1, 2026· 54m 33s· 6 players
Game mode
Random Map
Map size
Normal (6 player)
Population
200
Speed
Normal
Resources
Standard
Victory
Conquest
Starting age
Dark Age
Ending age
Imperial Age
RankedLock teamsTeams togetherTeam positionsShared explorationLock speedFull tech treeHidden civsTurbo modeCheats
Victory
Defeat
🇦🇺 Berbers · Australia
1032
+17
🇦🇺 Huns · Australia
944
+21
🇦🇺 Franks · Australia
888
+48
🇧🇷 Saracens · Brazil
1143
-24
🇧🇷 Huns · Brazil
1054
-20
🇧🇷 Hindustanis · Brazil
960
-17
TrenchCoat_Trent
9:37 Loom
12:29 Feudal Age
13:59 Town Watch
16:41 Castle Age
14:47 Stone Mining
19:08 Wheelbarrow
19:20 Fletching
23:08 Bodkin Arrow
28:38 Padded Archer Armor
30:14 Horse Collar
30:22 Double-Bit Axe
34:03 Hand Cart
33:59 Bow Saw
38:02 Leather Archer Armor
38:16 Heavy Plow
38:08 Gold Mining
38:54 Stone Shaft Mining
38:46 Scale Barding Armor
43:57 Imperial Age
41:53 Bloodlines
41:44 Husbandry
42:17 Husbandry
43:02 Masonry
43:45 Chain Barding Armor
42:51 Light Cavalry
44:36 Ballistics
45:44 Chemistry
44:45 Bracer
47:13 Ring Archer Armor
47:18 Plate Barding Armor
48:26 Siege Engineers
48:55 Kasbah
49:32 Thumb Ring
49:39 Forging
49:22 Hussar
49:30 Elite Camel Archer
50:12 Maghrebi Camels
51:41 Iron Casting
50:32 Hussar
51:58 Conscription
56:00 Blast Furnace
54:57 Murder Holes
54:43 Treadmill Crane
Flasher_Fred
12:00 Loom
15:17 Feudal Age
16:36 Wheelbarrow
20:34 Castle Age
19:26 Fletching
20:25 Padded Archer Armor
23:22 Bodkin Arrow
25:30 Thumb Ring
26:55 Ballistics
33:01 Leather Archer Armor
32:11 Pikeman
34:20 Husbandry
34:42 Bloodlines
37:00 Double-Bit Axe
37:39 Horse Collar
40:50 Imperial Age
41:21 Gold Mining
41:22 Stone Mining
42:01 Parthian Tactics
44:36 Heavy Cavalry Archer
48:55 Bracer
52:22 Hand Cart
53:40 Heavy Plow
Mogz
6:41 Loom
17:37 Feudal Age
20:42 Wheelbarrow
26:24 Double-Bit Axe
33:55 Castle Age
34:12 Town Watch
35:34 Bow Saw
35:30 Husbandry
35:28 Gold Mining
46:24 Hand Cart
49:37 Scale Barding Armor
49:43 Forging
57:33 Imperial Age
TioMg100
7:34 Loom
19:51 Feudal Age
24:00 Castle Age
22:06 Double-Bit Axe
24:18 Crossbowman
25:07 Thumb Ring
25:56 Bow Saw
27:55 Fletching
30:00 Bodkin Arrow
31:58 Padded Archer Armor
34:25 Town Watch
37:13 Town Patrol
38:45 Ballistics
42:52 Murder Holes
51:30 Imperial Age
50:30 Leather Archer Armor
SAPOSECO
8:56 Loom
13:35 Feudal Age
16:41 Bloodlines
23:14 Castle Age
21:54 Gold Mining
21:54 Stone Mining
21:49 Horse Collar
23:27 Double-Bit Axe
24:20 Husbandry
24:57 Stone Mining
25:35 Heavy Plow
28:41 Wheelbarrow
29:27 Scale Barding Armor
33:53 Hand Cart
39:32 Imperial Age
38:14 Elite Skirmisher
38:49 Pikeman
39:29 Squires
40:04 Padded Archer Armor
39:54 Fletching
40:05 Scale Mail Armor
41:30 Halberdier
41:33 Cavalier
43:16 Ballistics
43:56 Chemistry
45:52 Chain Barding Armor
45:48 Leather Archer Armor
45:29 Bodkin Arrow
45:45 Forging
Balbinot0101711
11:12 Loom
12:58 Feudal Age
14:11 Double-Bit Axe
14:10 Horse Collar
40:27 Castle Age
42:12 Scale Barding Armor
47:47 Bloodlines
51:32 Fletching
54:18 Husbandry
Connection lost

Rejoining the realm…

Still unreachable

The connection could not be restored.

Session expired

The server has moved on; the page needs a fresh start.